 Dungeon Crawl Stone Soup version 0.24-a0-525-g9231cdcba1 (webtiles) character file.

Game seed: 1127556554726172734

21 Gargoyl the Skirmisher (level 2, 26/26 HPs)
             Began as a Centaur Abyssal Knight on Aug 1, 2019.
             Was a Follower of Lugonu.
             Quit the game on level 1 of the Dungeon.
             The game lasted 00:01:04 (1046 turns).

Gargoyl the Skirmisher (Centaur Abyssal Knight)     Turns: 1046, Time: 00:01:05

Health: 26/26      AC:  5    Str: 11    XL:     2   Next: 62%
Magic:  3/3        EV:  8    Int: 11    God:    Lugonu [*.....]
Gold:   86         SH:  0    Dex:  8    Spells: 1/1 levels left

rFire    . . .     SeeInvis .   a - +2 hand axe
rCold    . . .     Gourm    .   (no shield)
rNeg     . . .     Faith    .   e - +0 ring mail (curse)
rPois    .         Spirit   .   (no helmet)
rElec    .         Reflect  .   (no cloak)
rCorr    .         Harm     .   (no gloves)
MR       .....                  (no barding)
Stlth    ..........             (no amulet)
HPRegen  0.08/turn              g - -3 ring of strength (curse)
MPRegen  0.08/turn              (no ring)

@: very quick
A: large, hooves 3, deformed body, speed 2, tough skin 3
a: Depart the Abyss, Renounce Religion


You were on level 1 of the Dungeon.
You worshipped Lugonu.
Lugonu was aware of your devotion.
You were not hungry.

You visited 1 branch of the dungeon, and saw 1 of its levels.
You visited the Abyss 1 time.

You collected 86 gold pieces.

Inventory:

Hand Weapons
 a - a +2 hand axe (weapon)
Armour
 e - a cursed +0 ring mail (worn)
Jewellery
 g - a cursed -3 ring of strength (left hand)
Scrolls
 d - a scroll of fog {unknown}
Potions
 b - a potion of brilliance {unknown}
 f - a potion of haste {unknown}
 h - a potion of heal wounds {unknown}
Comestibles
 c - 3 rations


   Skills:
 + Level 3.3 Fighting
 + Level 2.0 Axes
 * Level 1.6 Armour
 * Level 1.0 Dodging
 * Level 2.2 Invocations


You had one spell level left.
You didn't know any spells.
Your spell library was empty.

Dungeon Overview and Level Annotations

Branches:
Dungeon (1/15)

Altars:


Innate Abilities, Weirdness & Mutations

You have hooves in place of feet.
Armour fits poorly on your strangely shaped body.
You cover ground very quickly.
You have extremely tough skin. (AC +3)


Message History

You kill the giant cockroach!
Lugonu accepts your kill.
Your Axes skill increases to level 2!
g - a tourmaline ring You feel weaker.
Oops, that ring feels deathly cold.
g - a cursed -3 ring of strength (left hand)
There is a stone staircase leading down here.
There is a stone staircase leading down here.
A bat comes into view.
You miss the bat. Your kick misses the bat. The bat barely misses you.
The bat hits you. The bat barely misses you.
The bat hits you but does no damage. x2
You hit the bat.
You kill the bat!
Lugonu accepts your kill.
Found a stone staircase leading down.
h - a silvery potion Are you sure you want to abandon this character and quit the game? (Confirm with "yes".)

####################.# #.#
#.# #.# #.# #.# ###########.#
..........#.#.#
.......@#.#.#.#
........#.#.#.# ########
........#.#.#.#
#......#######+###.#.#.#
#......#.....#.# #.#.#.#
.......#.###.#.###.#.#.#####
..........................>#
#......#.#...#.#.#.#.#.......
#..†...#.#...............####


There were no monsters in sight!

Vanquished Creatures
  2 dart slugs (D:1)
  3 bats (D:1)
  A giant cockroach (D:1)
  2 goblins (D:1)
  A hobgoblin (D:1)
  2 jackals (D:1)
  A ball python (D:1)
  2 kobolds (D:1)
  2 rats (D:1)
16 creatures vanquished.

Notes
Turn   | Place    | Note
-------+----------+-------------------------------------------
     0 | Abyss:1  | Gargoyl the Centaur Abyssal Knight began the quest for the
                  | Orb.
     0 | Abyss:1  | Reached XP level 1. HP: 19/19 MP: 2/2
    69 | Abyss:1  | Noticed a ynoxinul
    76 | D:1      | Escaped the Abyss
   293 | D:1      | Reached XP level 2. HP: 26/26 MP: 3/3
   349 | D:1      | Reached skill level 1 in Dodging
   375 | D:1      | Reached * piety under Lugonu
  1046 | D:1      | Quit the game

Levels and vault maps discovered:
D:1:      erik_arrival_cave_to_civilisation [erik_arrival_cave_to_hall],
          layout_basic, nrook_loot_triangle

Skill      XL: |  1  2 |
---------------+-------+-----
Dodging        | 1 |  1.0
Axes           | 2 |  2.0
Fighting       | |  3.3
Armour         | |  1.6
Invocations    | |  2.2

Action                   || total
-------------------------++-------
Melee: Hand axe          ||    40
       Kick              ||     5
Invok: Depart the Abyss  ||     1
  Use: Scroll            ||     2
Armor: Leather armour    ||    11
       Ring mail         ||    11
Dodge: Dodged            ||    27

Table legend:
 A = Non-vault XP
 B = Vault XP
 C = Vault XP percentage of total XP
 D = Non-vault monster count
 E = Vault monster count
 F = Vault count percentage of total count
                 A         B        C        D         E       F
            +---------+---------+-------+---------+---------+-------
      Total |      30 |       0 |   0.0 |      16 |       0 |   0.0
            +---------+---------+-------+---------+---------+-------
        D:1 |      30 |       0 |   0.0 |      16 |       0 |   0.0
            +---------+---------+-------+---------+---------+-------
